 Dungeon Crawl Stone Soup version 0.30-a0-1116-gebefce21f7 (webtiles) character file.

Game seed: 5084543475655545165

1656524 mattengel8991 the Maledictor (level 25, 197/197 HPs)
             Began as a Vampire Enchanter on Apr 16, 2023.
             Was a Follower of Uskayaw.
             Escaped with the Orb
             ... and 3 runes on Apr 22, 2023!
             The game lasted 04:33:58 (67611 turns).

mattengel8991 the Maledictor (Vampire Enchanter)   Turns: 67611, Time: 04:33:59

Health: 197/197    AC: 21    Str: 11    XL:     25   Next: 45%
Magic:  40/40      EV: 27    Int: 19    God:    Uskayaw [*.....]
Gold:   3509       SH:  8    Dex: 25    Spells: 2/51 levels left

rFire   + . .      SeeInvis +    v - +12 pair of quick blades "Gyre" and "Gimble" {protect}
rCold   . . .      Faith    .    (shield currently unavailable)
rNeg    + . .      Spirit   +    d - +4 Cigotuvi's embrace {Corpsefed rMiasma Drain rN+}
rPois   .          Reflect  .    q - +2 helmet
rElec   +          Rampage  .    G - +2 cloak {Will+}
rCorr   .                        T - +3 pair of gauntlets of War {Slay+5}
Will    ++++.                    H - +2 pair of boots {Fly}
Stlth   +++                      V - brooch of Shielding {Spirit SH+8}
HPRegen 0.72/turn                Q - +4 ring of slaying
MPRegen 0.27/turn                M - ring of the Sunfish {rElec rF+ Str+4 Dex+2}

@: flying, healing quickly, studying 3 skills
A: alive, fangs 3, see invisible, vampiric 2, hooves 1, dopey 1, strong-willed 1
0: Orb of Zot
}: 3/15 runes: decaying, serpentine, silver
a: Exsanguinate, Renounce Religion, Stomp


You escaped.
You worshipped Uskayaw.
Uskayaw was most pleased with you.
You visited 10 branches of the dungeon, and saw 48 of its levels.
You also visited: Trove and Ice Cave.

You collected 7594 gold pieces.
You spent 4085 gold pieces at shops.

Inventory:

Hand Weapons
 f - the +7 Spriggan's Knife {stab, EV+4 Stlth+}
   (You acquired it on level 4 of the Snake Pit)

   Stab:      It is more effective when stabbing unaware enemies, sometimes
   treating them as though they were completely helpless.
   EV:        It affects your evasion (+4).
   Stlth:     It makes you more stealthy.
 v - the +12 pair of quick blades "Gyre" and "Gimble" (weapon) {protect}
   (You took it off a deep elf annihilator on level 3 of the Elven Halls)
 S - the +5 rapier "Oblaopn" {flame, MP+9 Dex+3}
   (You found it on level 3 of the Elven Halls)

   Dex:       It affects your dexterity (+3).
   MP:        It affects your magic capacity (+9).
Missiles
 r - 15 curare-tipped darts
 E - 3 throwing nets
Armour
 d - the +4 Cigotuvi's embrace (worn) {Corpsefed rMiasma Drain rN+}
   (You found it on level 5 of the Vaults)

   Corpsefed: It gathers nearby corpses to temporarily increase the armour it
   provides.
   rMiasma:   It protects you from foul pestilence.
   rN:        It protects you from negative energy.
   Drain:     It drains your maximum health when unequipped.
 k - a scarf of repulsion
 q - a +2 helmet (worn)
 G - a +2 cloak of willpower (worn)
 H - a +2 pair of boots of flying (worn)
 I - a +3 buckler
 J - the +1 robe of Ewkaol Uta {rCorr Slay+6}
   (You found it on level 4 of the Lair of Beasts)

   Slay:      It affects your accuracy & damage with ranged weapons and melee
   (+6).
   rCorr:     It protects you from acid and corrosion.
 T - the +3 pair of gauntlets of War (worn) {Slay+5}
   (You found it on level 3 of the Elven Halls)

   Slay:      It affects your accuracy & damage with ranged weapons and melee
   (+5).
 U - a +2 robe of resistance
 Y - a +2 cloak of cold resistance
 Z - the +2 pair of gloves of Tunt {Will+}
   (You acquired it on level 3 of the Lair of Beasts)

   Will:      It increases your willpower.
Jewellery
 i - a +6 ring of dexterity
 l - the ring "Ustees" {Wiz rC+}
   (You took it off a yaktaur on level 5 of the Vaults)

   [ring of wizardry]

   It improves your spell success rate.
   rC:        It protects you from cold.
 M - the ring of the Sunfish (right hand) {rElec rF+ Str+4 Dex+2}
   (You took it off a deep elf annihilator on level 3 of the Elven Halls)

   [ring of protection from fire]

   Str:       It affects your strength (+4).
   Dex:       It affects your dexterity (+2).
   rF:        It protects you from fire.
   rElec:     It insulates you from electricity.
 Q - a +4 ring of slaying (left hand)
 V - the brooch of Shielding (around neck) {Spirit SH+8}
   (You took it off a vault warden on level 5 of the Vaults)

   [amulet of guardian spirit]

   It causes incoming damage to be divided between your reserves of health and
   magic.
   SH:        It affects your SH (+8).
Wands
 o - a wand of iceblast (45)
 w - a wand of digging (11)
 A - a wand of charming (64)
 D - a wand of light (41)
 O - a wand of mindburst (33)
Scrolls
 m - 5 scrolls of magic mapping
 s - 6 scrolls of fear
 u - 3 scrolls of fog
 F - 13 scrolls of vulnerability
 K - 2 scrolls of butterflies
 N - 8 scrolls of immolation
 R - 9 scrolls of teleportation
 X - 4 scrolls of silence
Potions
 a - 2 potions of cancellation
 c - 2 potions of invisibility
 e - 24 potions of curing
 g - 10 potions of brilliance
 h - a potion of haste
 j - 2 potions of berserk rage
 n - 11 potions of heal wounds
 t - 3 potions of ambrosia
 z - a potion of resistance
 B - 4 potions of might
 C - 7 potions of magic
Miscellaneous
 p - a condenser vane
 y - a box of beasts
 L - a lightning rod (4/4)
 P - a phial of floods
 W - a phantom mirror


   Skills:
 - Level 16.3 Fighting
 - Level 14.0 Short Blades
 - Level 0.2 Throwing
 - Level 5.7 Armour
 * Level 17.4 Dodging
 - Level 16.4 Stealth
 - Level 6.0 Shields
 - Level 13.5 Spellcasting
 - Level 2.8 Conjurations
 - Level 22.4 Hexes
 - Level 12.5 Necromancy
 - Level 7.4 Transmutations
 - Level 11.5 Ice Magic
 - Level 5.1 Air Magic
 - Level 4.5 Earth Magic
 * Level 18.6 Invocations
 * Level 9.1 Evocations


You had 2 spell levels left.
You knew the following spells:

 Your Spells              Type           Power      Damage    Failure   Level
a - Confusing Touch       Hex            78%        N/A       0%          3
b - Tukima's Dance        Hex            78%        N/A       0%          3
c - Dazzling Flash        Conj/Hex       100%       N/A       1%          3
d - Yara's Violent Unrav  Hex/Tmut       31%        3d13      1%          5
e - Silence               Hex/Air        30%        N/A       1%          5
f - Enfeeble              Hex            39%        N/A       1%          7
g - Wereblood             Tmut           41%        N/A       1%          2
h - Simulacrum            Ice/Necr       27%        N/A       7%          6
i - Ozocubu's Armour      Ice            54%        N/A       1%          3
j - Anguish               Hex/Necr       34%        N/A       1%          4
k - Discord               Hex            39%        N/A       4%          8

Your spell library contained the following spells:

 Spells                   Type           Power      Damage    Failure   Level
 Slow                     Hex            100%       N/A       0%          1
 Ensorcelled Hibernation  Hex/Ice        100%       N/A       0%          2
 Kiss of Death            Conj/Necr      100%       2d13      1%          1
 Shock                    Conj/Air       100%       1d9       1%          1
 Cigotuvi's Dreadful Rot  Necr/Pois/Air  70%        N/A       1%          2
 Sublimation of Blood     Necr           57%        N/A       1%          2
 Foxfire                  Conj/Fire      72%        2x1d7     3%          1
 Poisonous Vapours        Pois/Air       44%        N/A       3%          2
 Searing Ray              Conj           46%        2d6       3%          2
 Momentum Strike          Conj/Tloc      36%        3d9       5%          2
 Summon Small Mammal      Summ           48%        N/A       7%          1
 Scorch                   Fire           24%        2d6       10%         2
 Cause Fear               Hex            39%        N/A       0%          4
 Inner Flame              Hex/Fire       53%        N/A       1%          3
 Portal Projectile        Hex/Tloc       100%       N/A       1%          3
 Summon Guardian Golem    Hex/Summ       53%        N/A       1%          3
 Vampiric Draining        Necr           57%        2d10      1%          3
 Animate Dead             Necr           57%        N/A       1%          4
 Dispel Undead            Necr           57%        3d20      1%          4
 Fulminant Prism          Conj/Hex       28%        3d14      1%          4
 Leda's Liquefaction      Hex/Erth       29%        N/A       1%          4
 Agony                    Necr           57%        N/A       1%          5
 Spider Form              Tmut/Pois      26%        N/A       4%          3
 Petrify                  Tmut/Erth      35%        N/A       5%          4
 Borgnjor's Vile Clutch   Necr/Erth      22%        N/A       5%          5
 Death Channel            Necr           28%        N/A       6%          6
 Ignite Poison            Fire/Tmut/Pois 22%        N/A       7%          3
 Mephitic Cloud           Conj/Pois/Air  22%        N/A       7%          3
 Blade Hands              Tmut           20%        N/A       9%          5
 Freezing Cloud           Conj/Ice/Air   18%        6-21      13%         5
 Call Canine Familiar     Summ           12%        N/A       21%         3
 Irradiate                Conj/Tmut      16%        3d17      22%         5
 Animate Armour           Summ/Erth      42%        N/A       26%         4
 Flame Wave               Conj/Fire      18%        2d7       36%         4
 Sticky Flame             Conj/Fire      18%        2d4       36%         4
 Alistair's Intoxication  Tmut/Pois      17%        N/A       36%         5
 Ozocubu's Refrigeration  Ice            27%        4d13      45%         7
 Iskenderun's Battlesphe  Conj           23%        2d8       50%         5
 Manifold Assault         Tloc           12%        N/A       54%         4
 Passage of Golubria      Tloc           12%        N/A       54%         4
 Fireball                 Conj/Fire      9%         3d6       71%         5
 Summon Forest            Summ/Tloc      6%         N/A       88%         5
 Eringya's Noxious Bog    Tmut/Pois      13%        N/A       91%         6
 Iron Shot                Conj/Erth      13%        9d3       92%         6
 Infestation              Necr           28%        N/A       94%         8
 Dragon Form              Tmut           20%        N/A       95%         7
 Plasma Beam              Fire/Air       11%        2x1d24    98%         6
 Starburst                Conj/Fire      9%         6d5       99%         6
 Haunt                    Necr/Summ      18%        N/A       99%         7
 Dispersal                Tloc           6%         N/A       100%        6
 Summon Cactus Giant      Summ           6%         N/A       100%        6
 Malign Gateway           Summ/Tloc      6%         N/A       100%        7
 Spellforged Servitor     Conj/Summ      9%         N/A       100%        7
 Summon Hydra             Summ           6%         N/A       100%        7
 Disjunction              Tloc           6%         N/A       100%        8
 Lehudib's Crystal Spear  Conj/Erth      13%        10d4      100%        8
 Chain Lightning          Conj/Air       14%        3d18      100%        9
 Fire Storm               Conj/Fire      9%         8d2       100%        9
 Polar Vortex             Ice            27%        N/A       100%        9
 Shatter                  Erth           14%        3d14*     100%        9


Dungeon Overview and Level Annotations

Branches:
Dungeon (15/15)            Temple (1/1) D:4            Lair (5/5) D:11
  Swamp (4/4) Lair:2        Snake (4/4) Lair:2        Slime (0/5) Lair:4
    Orc (2/2) D:9             Elf (3/3) Orc:2        Vaults (5/5) D:13
  Crypt (0/3) Vaults:3     Depths (4/4) D:15            Zot (5/5) Depths:4
  IceCv (visited)

Altars:
Cheibriados
Fedhas
Gozag
Hepliaklqana
Kikubaaqudgha
Makhleb
Nemelex Xobeh
Qazlal
Ru
Uskayaw
Vehumet
Wu Jian
Xom
Yredelemnul

Shops:
D:9 [(   Orc:2 =*?[   Vaults:2 ?   Vaults:3 [   Vaults:5 **   Depths:3 !*[

Portals:
Hell: Depths:1 Depths:2 Depths:3 Depths:4
Abyss: D:9 Depths:3
Pandemonium: Depths:2 Depths:3
Ziggurat: Depths:2

Annotations:
Vaults:2 3 runed translucent doors, Vogeir's ghost, veteran HuIE
Vaults:3 2 transporters, Joll's ghost, adept FoRe


Innate Abilities, Weirdness & Mutations

Your natural rate of healing is accelerated.
You have razor-sharp teeth.
You have supernaturally acute eyesight. (SInv)
You are afflicted with vampirism and can become a bat while bloodless.
You have large cloven feet.
You are dopey. (Int -2)
You are strong-willed. (Will+)


Message History

There is a stone staircase leading down here.
You see here a +0 club.
Aiming: Dig
Press: ? - help, Shift-Dir - straight line A rock wall.
This square is covered in magical glow.
The rock shatters into small pieces.
Aiming: Dig
Press: ? - help, Shift-Dir - straight line A rock wall.
This square is covered in magical glow.
The rock shatters into small pieces.
There is a stone staircase leading up here.
You fly upwards.
There is a stone staircase leading down here.
You see here a +0 ring mail.
There is a stone staircase leading up here.
You fly upwards.
There is a stone staircase leading down here.
A crimson imp and an ice devil come into view.
The crimson imp shouts!
A hell beast comes into view.
Orirovvaggi comes into view.
There is an open door here.
You see here a +0 short sword.
A Brimstone Fiend comes into view.
There is an open door here.
Orirovvaggi gestures at you. The poison arrow misses you.
Orirovvaggi gestures.
Orirovvaggi blinks!
There is an open door here.
Really fly into a travel-excluded area?
The crimson imp closely misses you. The crimson imp hits you.
Blink to where?
Press: ? - help, Dir - move target
As you read the scroll of blinking, it crumbles to dust.
There is a staircase leading out of the dungeon here.
Magic restored.
You have escaped!

......########.##.#
####.......###....#
#####..#........###
.....###.#########
####'#...........#
####)#...........#
..##'#.#..#..#...#
.....'..°........#
.#####.8○°......@#
#....'.§°.5......#
..##1#(#..#..#...#
...#)#..[........#
...#1#$..........#
....2###.#########
#..&............#
#....[..........#
##.............##


You could see a crimson imp.

Vanquished Creatures
  A dread lich (Zot:5)
  4 orbs of fire (Zot:5)
  3 ancient liches
  Mara (Depths:2)
  A juggernaut (Depths:4)
  A Killer Klown (Zot:5)
  the Lernaean hydra (Swamp:4)
  The ghost of Sacump the Warrior, an adept DrTm of Okawaru (Depths:1)
  Saint Roka (Depths:2)
  Boris (Vaults:4)
  A curse toe (Zot:4)
  3 golden dragons
  Nikola (Swamp:2)
  An electric golem (Zot:5)
  Jorgrun (Swamp:1)
  9 tentacled monstrosities
  13 Orb Guardians (Zot:5)
  A walking earthen tome (Depths:3)
  Rupert (Lair:5)
  6 deep elf blademasters
  A lich (Vaults:5)
  2 walking divine tomes
  2 titans (Vaults:5)
  5 quicksilver dragons
  Asterion (Depths:1)
  The ghost of Josuitwi the Warrior, an adept MfGl of Yredelemnul (Snake:4)
  5 sphinxes
  Gastronok (D:11)
  4 death cobs
  5 tengu reavers
  7 shadow dragons
  3 thorn hunters
  11 nagarajas
  A storm dragon (shapeshifter) (Vaults:5)
  8 storm dragons
  Kirke (Swamp:4)
  An azure jelly (Snake:3)
  A draconian knight (Depths:4)
  Donald (Swamp:4)
  5 fire giants
  6 deep elf sorcerers
  13 vault wardens
  Aizul (Snake:4)
  6 frost giants
  2 draconian scorchers
  6 deep elf elementalists (Elf:3)
  A ghost moth (Zot:4)
  A balrug (Depths:2)
  A draconian annihilator (Zot:1)
  6 spriggan defenders
  16 ironbound preservers
  A draconian shifter (Zot:3)
  A juggernaut zombie (D:15)
  28 very ugly things
  2 reapers (IceCv)
  17 stone giants
  2 orc warlords
  8 ironbound thunderhulks
  5 war gargoyles
  2 vampire knights (Depths:3)
  Nessos (D:13)
  4 green draconians
  An eleionoma (Swamp:4)
  5 black draconians
  5 deep elf demonologists
  11 dire elephants
  Azrael (D:12)
  16 deep elf annihilators
  3 yellow draconians
  5 purple draconians
  6 white draconians
  8 bunyips
  5 red draconians
  5 ettins
  A blizzard demon (D:8)
  A crystal guardian (Vaults:4)
  7 deep elf death magi (Elf:3)
  Josephine (Lair:3)
  2 entropy weavers
  14 yaktaur captains
  3 fire dragons
  2 caustic shrike simulacra (IceCv)
  9 great orbs of eyes
  6 deep elf high priests (Elf:3)
  8 spriggan air magi
  5 peacekeepers
  26 vault guards
  18 hydras
  A shambling mangrove (Swamp:2)
  11 ice dragons
  18 anacondas
  6 rakshasas
  2 anacondas (shapeshifter) (Vaults:5)
  10 two-headed ogres
  2 ghost crabs
  2 ogre magi
  Erica (D:10)
  4 boulder beetles
  A catoblepas (Lair:5)
  8 ironbound frosthearts
  3 salamander tyrants
  A death knight (D:15)
  11 centaur warriors
  9 alligators
  4 spriggan berserkers
  18 naga warriors
  A titan zombie (Depths:3)
  3 deep troll earth magi
  12 naga sharpshooters
  5 tengu warriors
  8 deep troll shamans
  2 orc high priests
  A hell knight (Depths:4)
  5 death yaks (Lair:5)
  A shock serpent (shapeshifter) (Depths:3)
  13 deep elf knights
  8 shock serpents
  A soul eater (Depths:2)
  The ghost of hgbash the Covert, a novice OpCj of Hepliaklqana (D:9)
  Sonja (D:12)
  8 iron trolls
  2 skeletal warriors (D:15)
  A sixfirhy (D:5)
  A skyshark (Lair:1)
  5 goliath frogs
  4 salamander mystics
  3 glowing orange brains
  8 sea snakes (Snake:4)
  13 deep elf archers
  A shadow demon (Depths:3)
  2 spriggan simulacra (IceCv)
  2 flayed ghosts
  40 deep trolls
  8 bog bodies
  A glowing orange brain (shapeshifter) (Vaults:5)
  A steelbarb worm (shapeshifter) (Vaults:5)
  15 ironbound convokers
  12 naga ritualists
  4 spriggan druids
  13 lindwurms
  7 swamp dragons
  8 phantasmal warriors
  8 harpies (Vaults:1)
  11 wizards
  17 orc knights
  2 obsidian statues (IceCv)
  20 deep elf pyromancers
  A tengu skeleton (Vaults:2)
  26 deep elf zephyrmancers
  13 mana vipers
  5 cyclopes
  6 orc sorcerers
  A salamander (shapeshifter) (Vaults:5)
  4 necromancers
  A tengu zombie (Depths:3)
  3 human zombies (Vaults:2)
  27 ugly things
  2 manticores (D:15)
  13 moths of wrath
  An iron dragon skeleton (Depths:3)
  14 salamanders
  47 black mambas
  8 elephants
  2 guardian serpents (shapeshifter)
  A black mamba (shapeshifter) (D:13)
  4 toenail golems (D:9)
  A rust devil (Depths:3)
  6 guardian serpents
  17 vault sentinels
  6 cane toads
  An orange demon (Depths:3)
  19 naga magi
  A gargoyle (D:11)
  A smoke demon (Depths:3)
  3 rime drakes
  10 komodo dragons
  A kobold demonologist (D:10)
  6 tengu conjurers
  29 yaktaurs
  A yaktaur skeleton (Vaults:2)
  A tormentor (Zot:2)
  An ancient zyme (D:9)
  A red devil (Depths:2)
  2 golden dragon simulacra (IceCv)
  6 freezing wraiths
  2 hellwings (Depths:2)
  4 polar bears
  A bloated husk (Swamp:1)
  A queen bee (shapeshifter) (Vaults:5)
  16 hornets
  3 trolls
  2 snapping turtles (shapeshifter)
  9 tyrant leeches
  Prince Ribbit (D:5)
  2 tarantellas (shapeshifter)
  A dream sheep (shapeshifter) (D:13)
  A slime creature (shapeshifter) (Vaults:3)
  41 slime creatures
  A spriggan zombie (D:15)
  2 air elementals
  2 spriggan skeletons (D:15)
  A spriggan (shapeshifter) (Depths:3)
  3 wraiths (Lair:3)
  4 wyverns
  49 yaks
  A centaur simulacrum (D:12)
  A vampire (D:11)
  15 spriggans
  2 fire elementals
  2 chaos spawn (Depths:2)
  10 water elementals
  5 basilisks
  3 neqoxecs
  A steam dragon (Lair:4)
  22 dancing weapons
  A redback (Vaults:3)
  A minotaur simulacrum (IceCv)
  A large abomination (Depths:1)
  11 swamp worms
  19 vampire mosquitoes
  8 wargs
  45 nagas
  An acid dragon (D:12)
  6 water moccasins
  A floating eye (Depths:1)
  6 hell hounds
  4 hydra simulacra (IceCv)
  A sky beast (D:7)
  A glowing shapeshifter skeleton (Depths:3)
  6 swamp drakes (Swamp:4)
  50 orc warriors
  5 black bears
  2 ice beasts
  An alligator simulacrum (IceCv)
  3 ettin simulacra (IceCv)
  17 wolves
  10 ogres
  18 centaurs
  A phantom (D:5)
  2 kobold brigands
  12 bullfrogs
  2 earth elementals
  4 gnoll sergeants
  A scorpion (D:7)
  4 wights
  A lindwurm simulacrum (IceCv)
  15 killer bees
  3 electric eels
  2 hounds (D:4)
  A jelly (D:7)
  15 orc priests
  A gnoll bouda (D:7)
  2 sleepcaps (D:7)
  Jessica (D:2)
  7 iguanas
  18 orc wizards
  3 yak simulacra (D:14)
  2 polar bear simulacra (D:14)
  3 wolf simulacra (D:14)
  Robin (D:3)
  21 gnolls
  3 adders
  A shadow imp (D:7)
  8 white imps
  6 ufetubi
  A worm (D:2)
  2 dart slugs
  73 orcs
  7 bats
  11 endoplasms
  3 giant cockroaches
  12 hobgoblins
  2 jackals (D:4)
  13 kobolds
  2 quokkas (D:2)
  7 ball pythons
  3 frilled lizards
  15 goblins
  9 rats
  3 river rat simulacra (D:14)
  A briar patch (Swamp:3)
1835 creatures vanquished.

Vanquished Creatures (collateral kills)
  An ogre mage (Vaults:5)
  A deep troll shaman (Depths:4)
  An orc knight (Orc:2)
  A troll (Orc:2)
  A naga (Lair:2)
  3 orc warriors (Orc:2)
  2 wights (D:9)
  A gnoll (D:9)
11 creatures vanquished.

Vanquished Creatures (others)
  A lich (Vaults:5)
  2 centaur warriors (Vaults:4)
  A deep elf knight (Elf:3)
  A shadow wraith (Vaults:5)
  A wizard (Depths:2)
  A deep elf zephyrmancer (Elf:2)
  5 dancing weapons
  A yaktaur (Vaults:5)
  2 bloated husks
  3 humans (Swamp:4)
  A swamp worm (Swamp:3)
  An orc priest (D:11)
  An orc wizard (Vaults:5)
  2 white imps (D:12)
  8 briar patches
  4 fungi
  34 plants
  A withered plant (D:15)
70 creatures vanquished.

Grand Total: 1916 creatures vanquished

Notes
Turn   | Place    | Note
-------+----------+-------------------------------------------
     0 | D:1      | mattengel8991 the Vampire Enchanter began the quest for the
                  | Orb.
     0 | D:1      | Reached XP level 1. HP: 13/13 MP: 3/3
   131 | D:1      | Reached XP level 2. HP: 10/19 MP: 5/5
   191 | D:1      | Found a faded altar of an unknown god.
   410 | D:1      | You fall into a shaft and drop 1 floor!
   618 | D:2      | Noticed Jessica
   635 | D:2      | Killed Jessica
   636 | D:2      | Reached skill level 5 in Stealth
   636 | D:2      | Gained mutation: You are afflicted with vampirism and can
                  | become a bat while bloodless. [Vampire growth]
   636 | D:2      | Reached XP level 3. HP: 15/25 MP: 6/6
   722 | D:2      | Found a radiant altar of Vehumet.
   743 | D:2      | Learned a level 3 spell: Confusing Touch
   849 | D:2      | Reached XP level 4. HP: 27/31 MP: 7/7
   999 | D:1      | HP: 1/31 [goblin/+0 club (4)]
  1001 | D:1      | Reached skill level 5 in Hexes
  1082 | D:2      | Reached skill level 1 in Fighting
  1526 | D:2      | Identified a scroll of acquirement
  1526 | D:2      | Acquired a +6 rapier of draining
  1584 | D:3      | Noticed Robin
  1599 | D:3      | Killed Robin
  1600 | D:3      | Reached XP level 5. HP: 37/37 MP: 8/8
  1660 | D:3      | Learned a level 3 spell: Tukima's Dance
  1685 | D:3      | Upgraded the game from 0.30-a0-1085-g990a428a5c to
                  | 0.30-a0-1116-gebefce21f7
  1843 | D:3      | Found a burning altar of Makhleb.
  2078 | D:3      | Found a sacrificial altar of Ru.
  2515 | D:3      | Became a worshipper of Ru the Awakened
  2680 | D:4      | Found a snail-covered altar of Cheibriados.
  2741 | D:4      | Reached XP level 6. HP: 34/44 MP: 9/9
  2905 | D:4      | Found a staircase to the Ecumenical Temple.
  2923 | Temple   | Entered the Ecumenical Temple
  2933 | Temple   | Fell from the grace of Ru
  2933 | Temple   | Became a worshipper of Uskayaw the Reveller
  3126 | D:5      | Entered Level 5 of the Dungeon
  3185 | D:5      | Found a hazy altar of Hepliaklqana.
  3357 | D:5      | Reached * piety under Uskayaw
  3363 | D:5      | Reached ** piety under Uskayaw
  3639 | D:5      | Found an opulent altar of Gozag.
  3690 | D:5      | Found a sparkling altar of Nemelex Xobeh.
  3908 | D:5      | Noticed Prince Ribbit
  4064 | D:6      | Reached *** piety under Uskayaw
  4065 | D:6      | Reached skill level 6 in Hexes
  4065 | D:6      | Reached XP level 7. HP: 47/51 MP: 10/10
  4191 | D:6      | Reached skill level 5 in Short Blades
  4293 | D:6      | Reached **** piety under Uskayaw
  4295 | D:6      | Reached ***** piety under Uskayaw
  4444 | D:6      | Found a blossoming altar of Fedhas.
  4817 | D:7      | Noticed a yak
  4824 | D:7      | Noticed a yak
  4829 | D:7      | Noticed a yak
  4829 | D:7      | Killed a yak
  4830 | D:7      | Reached XP level 8. HP: 51/60 MP: 11/11
  4862 | D:6      | Reached skill level 1 in Conjurations
  4862 | D:6      | Reached skill level 7 in Hexes
  5018 | D:7      | Reached XP level 9. HP: 66/66 MP: 13/13
  5918 | D:7      | Learned a level 3 spell: Dazzling Flash
  6321 | D:8      | Reached skill level 8 in Hexes
  6328 | D:8      | Paralysed by a hornet for 2 turns
  6696 | D:8      | Reached skill level 5 in Fighting
  6786 | D:8      | Reached skill level 5 in Dodging
  6791 | D:8      | Noticed a seven-headed hydra
  6792 | D:8      | Killed a seven-headed hydra
  6793 | D:8      | Reached XP level 10. HP: 63/74 MP: 15/15
  6806 | D:8      | Reached skill level 9 in Hexes
  7783 | D:5      | Killed Prince Ribbit
  7784 | D:5      | Reached skill level 10 in Stealth
  8051 | D:9      | Noticed a boulder beetle
  8080 | D:9      | Killed a boulder beetle
  8081 | D:9      | Reached skill level 10 in Short Blades
  8419 | D:9      | Noticed a toenail golem
  8425 | D:9      | Noticed a wizard
  8432 | D:9      | Noticed a purple ugly thing
  8436 | D:9      | Noticed a toenail golem
  8475 | D:9      | Reached skill level 10 in Hexes
  8501 | D:9      | Found Zofrim's Weapon Shoppe.
  8504 | D:9      | Found a staircase to the Orcish Mines.
  8506 | D:9      | Found Nereigri's Armour Shoppe.
  8514 | D:9      | Bought a +1 cloak of willpower for 165 gold pieces
  8514 | D:9      | Bought a +0 pair of boots for 45 gold pieces
  8626 | D:9      | Noticed a two-headed ogre
  8636 | D:9      | Killed a two-headed ogre
  8637 | D:9      | Reached XP level 11. HP: 66/82 MP: 16/16
  8702 | D:9      | Found a transporter.
  8707 | D:9      | Found a transporter.
  8707 | D:9      | Noticed a purple very ugly thing
  8827 | D:9      | Noticed hgbash's ghost (novice OpCj)
  8906 | D:9      | Found a stormy altar of Qazlal.
  8909 | D:9      | Found a radiant altar of Vehumet.
  8914 | D:9      | Found an ornate altar of the Wu Jian Council.
  9024 | D:9      | Noticed a two-headed ogre
  9495 | D:9      | Killed a two-headed ogre
  9496 | D:9      | Reached skill level 1 in Shields
  9611 | D:10     | Entered Level 10 of the Dungeon
  9634 | D:10     | Noticed a two-headed ogre
  9640 | D:10     | Killed a two-headed ogre
  9654 | D:10     | Noticed Erica
 10022 | D:10     | Killed Erica
 10023 | D:10     | Reached skill level 11 in Hexes
 10289 | D:10     | Noticed a sixfirhy
 10633 | D:11     | Noticed Gastronok
 10895 | D:11     | Reached skill level 5 in Spellcasting
 11025 | D:11     | Killed Gastronok
 11026 | D:11     | Reached skill level 12 in Hexes
 11123 | D:11     | Found a staircase to the Lair.
 11402 | D:11     | Reached XP level 12. HP: 91/91 MP: 19/19
 11427 | D:12     | Noticed Azrael
 11529 | D:12     | Noticed Sonja
 11531 | D:12     | Killed Sonja
 11589 | D:12     | Reached skill level 1 in Transmutations
 11683 | D:12     | Killed Azrael
 12321 | D:13     | Noticed a centaur warrior
 12359 | D:13     | Killed a centaur warrior
 12422 | D:13     | Noticed a centaur warrior
 12442 | D:13     | Killed a centaur warrior
 12485 | D:13     | Noticed a tengu warrior
 12569 | Lair:1   | Entered Level 1 of the Lair of Beasts
 13725 | Lair:2   | Found a staircase to the Snake Pit.
 13879 | Lair:2   | Found a staircase to the Swamp.
 13926 | Lair:2   | Reached skill level 13 in Hexes
 13989 | Lair:2   | Reached XP level 13. HP: 96/98 MP: 21/21
 14757 | Lair:3   | Learned a level 5 spell: Yara's Violent Unravelling
 14765 | Lair:3   | Noticed Josephine
 14800 | Lair:3   | Killed Josephine
 14801 | Lair:3   | Reached skill level 5 in Shields
 15727 | Lair:3   | Reached skill level 5 in Transmutations
 15984 | Lair:3   | Reached skill level 15 in Stealth
 16222 | Lair:3   | Acquired the +2 pair of gloves of Tunt {Will+}
 16613 | Lair:4   | Identified the +1 robe of Ewkaol Uta {rCorr Slay+6}
 16949 | Lair:4   | Found a staircase to the Slime Pits.
 17282 | Lair:5   | Entered Level 5 of the Lair of Beasts
 17305 | Lair:5   | Noticed Rupert
 17312 | Lair:5   | Killed Rupert
 17878 | Lair:5   | Reached XP level 14. HP: 106/106 MP: 23/23
 17885 | Lair:5   | Reached skill level 14 in Hexes
 17997 | Lair:5   | Identified the +8 glaive of Destiny {drain, Str+3 Dex+2}
 18382 | Orc:1    | Entered Level 1 of the Orcish Mines
 18425 | Orc:1    | Reached ****** piety under Uskayaw
 18427 | Orc:1    | Reached skill level 1 in Air Magic
 18857 | Orc:2    | Entered Level 2 of the Orcish Mines
 19039 | Orc:2    | Reached skill level 1 in Invocations
 19062 | Orc:2    | Found a staircase to the Elven Halls.
 19854 | Orc:2    | Found Buempyenn's Magic Scroll Shop.
 19854 | Orc:2    | Found Xekk's General Store.
 19856 | Orc:2    | Found Boaf's Jewellery Shoppe.
 19858 | Orc:2    | Found Roufikac's Antique Armour Boutique.
 19864 | Orc:2    | Bought an ichor-stained leather armour for 210 gold pieces
 19864 | Orc:2    | Identified the +0 leather armour of the Hanged Man {rN+
                  | Int+5} (You bought it in a shop on level 2 of the Orcish
                  | Mines)
 19878 | Orc:2    | Bought a scroll of fear for 52 gold pieces
 19878 | Orc:2    | Bought a scroll of fear for 52 gold pieces
 19878 | Orc:2    | Bought a scroll of enchant armour for 97 gold pieces
 19878 | Orc:2    | Bought a scroll of enchant armour for 97 gold pieces
 19878 | Orc:2    | Bought a scroll of teleportation for 39 gold pieces
 19878 | Orc:2    | Bought a scroll of vulnerability for 52 gold pieces
 19878 | Orc:2    | Bought 2 scrolls of magic mapping for 195 gold pieces
 19885 | Orc:2    | Bought the ring "Bebijag" {rF+ Int+4} for 525 gold pieces
 19885 | Orc:2    | Bought an amulet of the acrobat for 390 gold pieces
 20278 | D:13     | Noticed Nessos
 20283 | D:13     | Killed Nessos
 20416 | D:13     | Reached skill level 15 in Hexes
 20808 | D:13     | Found a gate to the Vaults.
 20858 | D:13     | Found a portal to a secret trove of treasure.
 21124 | D:14     | Identified the +5 quarterstaff "Maobbetou" {elec, rF- rN++
                  | rCorr Int+3}
 21232 | D:14     | Learned a level 5 spell: Silence
 21240 | D:14     | Learned a level 7 spell: Enfeeble
 21405 | D:14     | Acquired the ring "Idocul" {Fly rF+ rN+ Str+3}
 21595 | D:15     | Entered Level 15 of the Dungeon
 21742 | Swamp:1  | Entered Level 1 of the Swamp
 21792 | Swamp:1  | Reached XP level 15. HP: 76/115 MP: 20/26
 22000 | Snake:1  | Entered Level 1 of the Snake Pit
 22164 | Snake:1  | Reached skill level 10 in Fighting
 22506 | Snake:1  | Reached skill level 16 in Hexes
 22544 | Snake:1  | Reached skill level 5 in Air Magic
 23943 | Snake:2  | Reached skill level 1 in Armour
 24065 | Snake:2  | Noticed a nagaraja
 24109 | Snake:2  | Killed a nagaraja
 24832 | Snake:2  | Noticed a nagaraja
 25636 | Snake:2  | Reached skill level 10 in Dodging
 25804 | Snake:2  | Reached skill level 17 in Hexes
 26137 | Snake:2  | Killed a nagaraja
 26138 | Snake:2  | Reached XP level 16. HP: 125/125 MP: 21/29
 26637 | Swamp:1  | Noticed Jorgrun
 26678 | Swamp:1  | Killed Jorgrun
 27191 | Swamp:2  | Reached skill level 5 in Invocations
 27445 | Swamp:2  | Noticed Nikola
 27483 | Swamp:2  | Killed Nikola
 27911 | Swamp:3  | Noticed a thorn hunter
 28027 | Swamp:2  | Killed a thorn hunter
 28827 | Swamp:3  | Identified the +2 whip "Killer Klown's Foe" {heavy, Dex+2}
 28898 | Swamp:3  | Reached skill level 18 in Hexes
 28898 | Swamp:3  | Reached skill level 1 in Evocations
 29126 | Swamp:4  | Entered Level 4 of the Swamp
 29182 | Swamp:4  | Identified the +0 scale mail of Sin {rC++ Will- Dex+3}
 29354 | Swamp:4  | Noticed Kirke
 29361 | Swamp:4  | Killed Kirke
 29414 | Swamp:4  | Reached skill level 10 in Spellcasting
 29465 | Swamp:4  | Noticed a thorn hunter
 29483 | Swamp:4  | Killed a thorn hunter
 29671 | Swamp:4  | Noticed the 27-headed Lernaean hydra
 29686 | Swamp:4  | Noticed a thorn hunter
 29694 | Swamp:4  | Noticed Donald
 30147 | Swamp:4  | Killed Donald
 30235 | Swamp:4  | Killed the 27-headed Lernaean hydra
 30245 | Swamp:4  | Got a decaying rune of Zot
 30292 | Swamp:4  | Killed a thorn hunter
 30293 | Swamp:4  | Reached XP level 17. HP: 121/133 MP: 12/31
 30771 | Snake:3  | Learned a level 2 spell: Wereblood
 30837 | Snake:3  | Found a frozen archway.
 30882 | IceCv    | Entered an ice cave
 31764 | Snake:3  | Identified the -2 pair of gloves of a bailey {rF+ rC++
                  | Str-5}
 32992 | Snake:4  | Entered Level 4 of the Snake Pit
 32995 | Snake:4  | Found a runed translucent door.
 33010 | Snake:4  | Noticed Josuitwi's ghost (adept MfGl)
 33202 | Snake:4  | Noticed Aizul
 33233 | Snake:4  | Killed Aizul
 33364 | Snake:4  | Acquired the +7 Spriggan's Knife {stab, EV+4 Stlth+}
 33364 | Snake:4  | Found the +7 Spriggan's Knife {stab, EV+4 Stlth+}
 33393 | Snake:4  | Identified the +7 plate armour of the Bull {rCorr Stlth+}
 34321 | Snake:4  | Identified the +3 rapier "Pucimept" {freeze, rPois rF-
                  | Str+2 Dex+4}
 34323 | Snake:4  | Identified the ring of Coronation {rElec rCorr}
 34325 | Snake:4  | Identified the -2 helmet of Amorality {Int+5}
 34361 | Snake:4  | Identified the +9 mace of Obecokh {drain, Dex+4}
 34517 | Snake:4  | Reached skill level 5 in Armour
 35139 | Snake:4  | Reached XP level 18. HP: 126/142 MP: 22/33
 35943 | Snake:4  | Got a serpentine rune of Zot
 36168 | Snake:4  | Killed Josuitwi's ghost
 36326 | Snake:4  | Found the +8 Wrath of Trog {antimagic, *Rage Rampage}
 36947 | D:15     | Reached skill level 19 in Hexes
 36961 | D:15     | Found a staircase to the Depths.
 37848 | Vaults:1 | Entered Level 1 of the Vaults
 39577 | Vaults:2 | Found Boesith's Magic Scroll Boutique.
 39584 | Vaults:2 | Bought a scroll of fog for 84 gold pieces
 39584 | Vaults:2 | Bought a scroll of vulnerability for 84 gold pieces
 39681 | Vaults:2 | Reached XP level 19. HP: 123/151 MP: 25/36
 39995 | Vaults:2 | Found a runed translucent gate.
 39996 | Vaults:2 | Found a runed translucent gate.
 39996 | Vaults:2 | Found a runed translucent gate.
 39997 | Vaults:2 | Noticed Vogeir's ghost (veteran HuIE)
 41261 | D:9      | Found a one-way gate to the infinite horrors of the Abyss.
 41369 | D:9      | Killed hgbash's ghost
 41943 | Vaults:3 | Found a staircase to the Crypt.
 41943 | Vaults:3 | Found an ancient bone altar of Kikubaaqudgha.
 41943 | Vaults:3 | Found a basalt altar of Yredelemnul.
 41961 | Vaults:3 | Found Voaq's Antique Armour Shoppe.
 42203 | Vaults:3 | Bought a brightly glowing leather armour for 231 gold
                  | pieces
 42203 | Vaults:3 | Identified the +1 leather armour of the Hidden Vale {rPois}
                  | (You bought it in a shop on level 3 of the Vaults)
 42203 | Vaults:3 | Bought a pair of embroidered boots for 247 gold pieces
 42513 | Vaults:3 | Reached skill level 15 in Fighting
 42629 | Vaults:3 | Noticed Joll's ghost (adept FoRe)
 42630 | Vaults:3 | Found a transporter.
 42632 | Vaults:3 | Found a transporter.
 43541 | Vaults:3 | Reached skill level 5 in Evocations
 43918 | Vaults:4 | Reached skill level 10 in Invocations
 44339 | Vaults:4 | Reached XP level 20. HP: 156/165 MP: 27/37
 44340 | Vaults:4 | Reached skill level 1 in Necromancy
 44434 | Vaults:4 | Reached skill level 1 in Ice Magic
 44434 | Vaults:4 | Reached skill level 1 in Earth Magic
 44737 | Vaults:4 | Noticed Boris
 44775 | Vaults:4 | Killed Boris
 46018 | Elf:1    | Entered Level 1 of the Elven Halls
 46146 | Elf:1    | Paralysed by an air elemental for 1 turns
 46307 | Elf:1    | Got the Reference Book on Blasting
 46442 | Elf:1    | Reached skill level 15 in Dodging
 47177 | Elf:2    | Reached skill level 20 in Hexes
 48109 | Elf:2    | Found a runed translucent gate.
 48109 | Elf:2    | Found a runed translucent gate.
 48109 | Elf:2    | Found a runed translucent gate.
 48333 | Depths:1 | Entered Level 1 of the Depths
 48333 | Depths:1 | Noticed Asterion
 48334 | Depths:1 | Killed Asterion
 48615 | Depths:1 | Found a gateway to Hell.
 48805 | Depths:1 | Found a runed translucent door.
 48861 | Depths:1 | Noticed Sacump's ghost (adept DrTm)
 48999 | Depths:1 | Found a hazy altar of Hepliaklqana.
 49013 | Depths:1 | Reached XP level 21. HP: 151/171 MP: 30/38
 49925 | Depths:2 | Found a shimmering altar of Xom.
 49925 | Depths:2 | Found a shimmering altar of Xom.
 49930 | Depths:2 | Noticed Saint Roka
 49943 | Depths:2 | Killed Saint Roka
 49944 | Depths:2 | Reached skill level 5 in Necromancy
 50032 | Depths:2 | Found a shimmering altar of Xom.
 50145 | Depths:2 | Noticed an ancient lich
 50148 | Depths:2 | Killed an ancient lich
 50376 | Depths:2 | Reached skill level 21 in Hexes
 50377 | Depths:2 | Reached skill level 5 in Ice Magic
 50378 | Depths:2 | Noticed Mara
 50395 | Depths:2 | Noticed mattengel8991's illusion
 50626 | Depths:2 | Found a one-way gateway to a ziggurat.
 50697 | Depths:2 | Killed Mara
 51029 | Depths:1 | Identified the +7 quarterstaff of Tiqumut {venom, +Blink
                  | rN++ Str-4}
 51088 | Depths:2 | Found a one-way gate leading to the halls of Pandemonium.
 52377 | Depths:3 | HP: 6/171 [white very ugly thing (20)]
 52726 | Depths:3 | Found Axeng's Armour Boutique.
 52732 | Depths:3 | Bought a +2 pair of boots of flying for 430 gold pieces
 52760 | Depths:3 | Found Wedud's Weapon Shoppe.
 52856 | Depths:3 | Found Hemib's Assorted Antiques.
 52864 | Depths:3 | Bought a transparent long sword for 297 gold pieces
 52864 | Depths:3 | Identified the +1 long sword of the Desolation of Salt
                  | {freeze, rElec rPois Int-2} (You bought it in a shop on
                  | level 3 of the Depths)
 52864 | Depths:3 | Bought a potion of invisibility for 280 gold pieces
 52940 | Depths:3 | Found Zazexiat's Distillery.
 52988 | Depths:3 | Reached skill level 22 in Hexes
 53512 | Depths:3 | Paralysed by a floating eye for 2 turns
 53573 | Depths:3 | Noticed a golden dragon
 53995 | Depths:3 | Bought a potion of heal wounds for 95 gold pieces
 53995 | Depths:3 | Bought a potion of might for 76 gold pieces
 53995 | Depths:3 | Bought a potion of cancellation for 152 gold pieces
 53995 | Depths:3 | Bought a potion of haste for 190 gold pieces
 54356 | Depths:3 | Killed a golden dragon
 54581 | Depths:3 | Identified the +1 robe "Montucid" {Harm rElec Stlth+
                  | Archmagi}
 55326 | Elf:2    | Reached XP level 22. HP: 178/178 MP: 39/39
 55983 | Elf:3    | Entered Level 3 of the Elven Halls
 57427 | Elf:3    | Identified the ring of Nupp {rPois rF- MP+9 Int+3}
 57428 | Elf:3    | Identified the +5 rapier "Oblaopn" {flame, MP+9 Dex+3}
 57496 | Elf:3    | Identified the +1 leather armour of Weirdness {+Blink rC+}
 58222 | Elf:3    | Identified the ring "Bamuesop" {Ice Int+3 Dex-5 SInv}
 58336 | Elf:3    | Identified the +5 short sword "Concordance" {venom, rElec
                  | rC+}
 58336 | Elf:3    | Identified the ring "Cywnul" {rElec rPois}
 58470 | Elf:3    | Identified the +6 dagger "Umoisyha" {drain, Contam Fly
                  | Will+ Str+8}
 58524 | Elf:3    | Reached skill level 10 in Necromancy
 58691 | Elf:3    | Identified the ring of the Sunfish {rElec rF+ Str+4 Dex+2}
 58696 | Elf:3    | Learned a level 6 spell: Simulacrum
 59074 | Elf:3    | Identified the +7 arbalest "Sittibbo" {heavy, +Blink}
 59096 | Elf:3    | Found the +3 pair of gauntlets of War {Slay+5}
 59104 | Elf:3    | Got the Dissertation on the Winter and Dislocation
 59108 | Elf:3    | Identified the +5 scale mail of Autumn {rF+ rN+ Stlth+}
 59313 | Orc:2    | Learned a level 3 spell: Ozocubu's Armour
 59657 | Vaults:5 | Entered Level 5 of the Vaults
 59750 | Vaults:5 | Noticed an ancient lich
 59759 | Vaults:5 | Killed an ancient lich
 59760 | Vaults:5 | Reached skill level 10 in Ice Magic
 59782 | Vaults:5 | Noticed an ancient lich
 60002 | Vaults:5 | Killed an ancient lich
 60015 | Vaults:5 | Reached XP level 23. HP: 184/184 MP: 25/40
 60069 | Vaults:5 | Identified the ring "Imintis" {Fly rN+}
 60146 | Vaults:5 | HP: 1/184 [stone giant (31)]
 60307 | Vaults:5 | Identified the ring "Ustees" {Wiz rC+}
 60582 | Vaults:5 | Found Giobirut's Assorted Antiques.
 60898 | Vaults:5 | Got a silver rune of Zot
 61301 | Vaults:5 | Reached skill level 15 in Invocations
 61526 | Vaults:5 | Found Jaleatecw's General Store.
 61942 | Vaults:5 | Found the +4 Cigotuvi's embrace {Corpsefed rMiasma Drain
                  | rN+}
 62538 | Depths:1 | Killed Sacump's ghost
 62544 | Depths:1 | Identified the staff of poison "Puqi" {rElec rPois Will+
                  | rCorr MP+9}
 62696 | Depths:4 | Entered Level 4 of the Depths
 62701 | Depths:4 | Noticed a juggernaut
 62708 | Depths:4 | Killed a juggernaut
 63050 | Depths:4 | Found a gate to the Realm of Zot.
 64058 | Zot:1    | Entered Level 1 of the Realm of Zot
 65279 | D:13     | You paid a toll of +3 gold dragon scales to enter a
                  | treasure trove
 65280 | Trove    | Entered a treasure trove
 65306 | Trove    | Reached XP level 24. HP: 191/191 MP: 40/40
 65315 | Trove    | Got Sif Muna's Directory of Crystalline Charms
 65317 | Trove    | Got Sif Muna's Enchiridion on Fulgent Hexes
 65323 | Trove    | Learned a level 4 spell: Anguish
 65332 | Trove    | Learned a level 8 spell: Discord
 65350 | Trove    | Identified the amulet of the Empire {Reflect rC- Will+++
                  | rCorr Str-3 SH+5}
 65679 | Zot:5    | Entered Level 5 of the Realm of Zot
 65796 | Zot:5    | Reached XP level 25. HP: 153/197 MP: 31/40
 66077 | Zot:5    | Noticed an orb of fire
 66077 | Zot:5    | Gained mutation: You are frail. (-10% HP) [an orb of fire]
 66086 | Zot:5    | Noticed an orb of fire
 66088 | Zot:5    | Noticed an orb of fire
 66088 | Zot:5    | Noticed an orb of fire
 66092 | Zot:5    | Killed an orb of fire
 66093 | Zot:5    | Noticed a Killer Klown
 66095 | Zot:5    | Noticed an orb of fire
 66095 | Zot:5    | Noticed an orb of fire
 66575 | Snake:4  | Lost mutation: You are frail. (-10% HP) [potion of
                  | mutation]
 66575 | Snake:4  | Gained mutation: You are dopey. (Int -2) [potion of
                  | mutation]
 66575 | Snake:4  | Gained mutation: You have large cloven feet. [potion of
                  | mutation]
 66575 | Snake:4  | Gained mutation: You are strong-willed. (Will+) [potion of
                  | mutation]
 67071 | Zot:5    | Noticed a dread lich
 67087 | Zot:5    | Killed an orb of fire
 67089 | Zot:5    | Killed a dread lich
 67096 | Zot:5    | Killed an orb of fire
 67101 | Zot:5    | Killed a Killer Klown
 67145 | Zot:5    | Killed an orb of fire
 67148 | Zot:5    | Noticed an orb of fire
 67153 | Zot:5    | Noticed an orb of fire
 67154 | Zot:5    | Noticed an orb of fire
 67158 | Zot:5    | Got the Orb of Zot
 67159 | Zot:5    | Noticed a Killer Klown
 67402 | D:10     | Noticed Esung the pandemonium lord
 67597 | D:1      | Noticed Orirovvaggi the pandemonium lord
 67611 | D:$      | Escaped with the Orb!

Illustrated notes

Levels and vault maps discovered:
D:1:      shiori_arrival_oz, layout_rooms,
          hellmonk_ecumenical_altar_heavens_door
D:2:      layout_rooms, basic_altar, serial_corexii_hall,
          chequers_hall_statues_corner_a, corexii_hall_statues_x, uniq_jessica
D:3:      layout_basic, mainiacjoe_overflow_paths,
          mainiacjoe_overflow_tiny_flanked, nicolae_elyvilon_temple_path,
          mainiacjoe_overflow_brackets, uniq_robin
D:4:      layout_rooms, kennysheep_slug_shrine,
          minmay_temple_entry_gardened_gates, minmay_misc_feat_room
D:5:      layout_loops_corners, nemelex_diamond_rough_becter,
          nicolae_gozag_cash_rules_everything_around_me,
          lemuel_coloured_pillars_altar, uniq_prince_ribbit1
D:6:      minmay_angry_zag, layout_rooms, mainiacjoe_overflow_boulevard
D:7:      layout_layer_cave
D:8:      layout_loops_cross, tgw_sif, minmay_manual_mess
D:9:      layout_cave_pods, grunt_temple_overflow_diamond, orc_david_3,
          gammafunk_ghost_abyssal_escape, grunt_decor_mini_mirrors,
          grunt_ministairs_7, hex_tiny
D:10:     layout_big_octagon, uniq_erica
D:11:     layout_basic, lair_entry_dummy, uniq_gastronok
D:12:     layout_rooms, serial_ice, serial_ice_e, serial_ice_n, serial_ice_i,
          serial_ice_h, serial_bayou_pond_d, uniq_sonja, uniq_azrael
D:13:     layout_roguey, david_vaults_4, nicolae_trove_entry_columns,
          uniq_nessos
D:14:     layout_roguey, nicolae_two_hexagons, eino_house_with_fridge
D:15:     gammafunk_depths_entry_grave, layout_loops_cross
Temple:   nicolae_temple_bog_church
Lair:1:   layout_gridlike
Lair:2:   layout_layer_cave, minmay_swamp_entry_swarm,
          guppyfry_snake_entry_garden, lemuel_fruit_tree, grunt_megastairs_4,
          infiniplex_staircase_pool
Lair:3:   layout_gridlike, pdpol_lair_cavern_descent, uniq_josephine
Lair:4:   layout_concentric_octagons, dpeg_slime_entry_enclosed,
          chequers_serial_rivers_small_3
Lair:5:   grunt_lair_end_beastmaster, layout_big_grid,
          infiniplex_staircase_pool_2, serial_bayou_shore_b, uniq_rupert
Swamp:1:  layout_falls_marsh, serial_swamp_ruin, evilmike_swamp_ruin_rubble_1,
          evilmike_swamp_ruin_house_2, evilmike_swamp_ruin_house_1, swamp_pool2,
          uniq_jorgrun
Swamp:2:  layout_falls_marsh, nicolae_swamp_trees_clearing, uniq_nikola
Swamp:3:  nicolae_swamp_ascending_descending_big, layout_basic_swamp,
          evilmike_swamp_ruin_house_3
Swamp:4:  swamp_alternative, layout_basic_swamp, uniq_donald, uniq_kirke
Snake:1:  layout_chambers
Snake:2:  hangedman_cross_veins, layout_misc_corridors, st_stairs_1,
          grunt_ministairs_13
Snake:3:  layout_onion, portal_ice_cave_entry_frozen_things, grunt_megastairs_1
Snake:4:  grunt_snake_rune_pools, layout_misc_corridors,
          ebering_ghost_inner_flame, nicolae_snake_naga_rites, uniq_aizul
Orc:1:    layout_caves
Orc:2:    st_orc_rangers, layout_caves
Elf:1:    eino_elf_arrival_the_gate, layout_geoelf_grid, special_room
          [special_room_orc], minmay_elf_annihilation
Elf:2:    elven_hall_of_blades_hangedman_original [mumra_blade_entry_dagger],
          layout_onion_city
Elf:3:    minmay_elf_hall_four_x, layout_geoelf_castle, guppyfry_elf_castle
Vaults:1: v_misc_3, vaults_dpeg_ring, hangedman_vaults_stream, v_misc_14,
          v_misc_22, nicolae_vaults_ninety_degrees, vaults_mumra_hexcomb,
          vaults_dpeg_encased_lava, nicolae_vaults_asterisk, vaults_room_pools,
          layout_vaults_chaotic_city
Vaults:2: gammafunk_ghost_spectres, special_room_vaults [special_room_orc],
          v_misc_27, v_misc_14, v_misc_30, v_misc_4, vaults_standard_mumra_x,
          nicolae_vaults_little_squares_6, v_rooms_3,
          nicolae_vaults_little_squares_1, ontoclasm_vaults_spin,
          ontoclasm_vaults_ring_small, nicolae_vaults_little_ls,
          ontoclasm_vaults_gateway, layout_vaults_omnicross, serial_shops, shop
Vaults:3: gammafunk_ghost_arena, ontoclasm_vaults_water_temple,
          minmay_crypt_entry_necro_gods, vaults_dpeg_diagonal, v_pattern_2,
          v_misc_11, v_misc_1, v_misc_14, nicolae_vaults_alarming, v_rooms_6,
          grunt_vaults_focal, ontoclasm_vaults_twist, layout_vaults_ring,
          serial_shops, shop
Vaults:4: v_misc_4, nicolae_vaults_hallways_thing, vaults_dpeg_cross,
          v_pattern_3, v_misc_27, nicolae_vaults_inception_corners,
          vaults_room_corners, v_rooms_1, ontoclasm_vaults_tryst,
          vaults_room_semicircle, serial_ice_h, layout_vaults_maze_snakey,
          uniq_boris
Vaults:5: serial_shops
Depths:1: layout_basic, chequers_serial_rivers_large_a, hell_entry,
          ebering_ghost_reflecting_pool, nicolae_twisting_strands,
          nicolae_hepliaklqana_hazy_memory, firewood_loft, uniq_asterion
Depths:2: minmay_tri_stars, layout_cave_pools, enter_ziggurat_b, hell_entry,
          xom_redecorated, grunt_pan_entry_spiral, kennysheep_another_room,
          uniq_saint_roka, uniq_mara
Depths:3: minmay_the_grid_3x2 [minmay_the_grid_mess, minmay_the_grid_box_x,
          minmay_the_grid_spikes, minmay_the_grid_slots,
          minmay_the_grid_dragon_b, minmay_the_grid_prize_inner_circle],
          layout_cave_pools, hell_entry, rand_demon_pan_entry_1, abandoned_shop,
          serial_shops, shop, shop, nicolae_shop_window_shopping,
          kennysheep_little_box, serial_sigils, serial_sigils_hangedman_gnaw,
          serial_sigils_hangedman_stare, serial_sigils_hangedman_writhe,
          abyss_entry_glasseish, serial_bayou_shore_a
Depths:4: grunt_zot_entry_tricorne, layout_honeycomb, minmay_misc_feat_square,
          hell_entry, serial_bayou_ford_a
Zot:1:    layout_misc_corridors
Zot:2:    layout_cellular_growth
Zot:3:    layout_misc_corridors, st_small_dragon_hoard_4
Zot:4:    kennysheep_blocky_hall, layout_twisted_circle, lemuel_elevator
Zot:5:    layout_cathedral_of_symmetry, nicolae_lava_and_water,
          skrybe_zot_glass_1

Skill      XL: |  1  2  3  4  5  6  7  8  9 10 11 12 13 14 15 16 17 18 19 20 21 22 23 24 25 |
---------------+----------------------------------------------------------------------------+-----
Stealth        | 5 6 7 9 11 12 13 16 | 16.4
Short Blades   | 2 3 4 6 7 9 11 12 13 14 | 14.0
Hexes          | 5 6 7 8 10 12 13 15 17 18 19 20 22 | 22.4
Fighting       | 1 2 3 4 5 6 7 8 9 11 12 13 16 | 16.3
Dodging        | 3 4 5 6 7 8 10 11 13 14 15 16 17 | 17.4
Conjurations   | 1 2 |  2.8
Spellcasting   | 3 5 6 7 9 10 11 13 | 13.5
Shields        | 3 4 5 6 |  6.0
Transmutations | 3 6 7 |  7.4
Air Magic      | 4 5 |  5.1
Invocations    | 2 4 6 7 8 10 11 13 17 18 | 18.6
Armour         | 2 3 5 |  5.7
Evocations     | 1 2 5 6 7 8 9 |  9.1
Necromancy     | 4 7 11 12 | 12.5
Ice Magic      | 4 6 10 11 | 11.5
Earth Magic    | 4 |  4.5
Throwing       | |  0.2

Action                     |  1- 3 |  4- 6 |  7- 9 | 10-12 | 13-15 | 16-18 | 19-21 | 22-24 | 25-27 || total
---------------------------+-------+-------+-------+-------+-------+-------+-------+-------+-------++-------
  Melee: Dagger            |   121 |    77 |       |       |       |       |       |       |       ||   198
         Bite              |    11 |    22 |    33 |    86 |   178 |   242 |   342 |   193 |    27 ||  1134
         Punch             |     1 |     2 |     5 |    12 |       |       |       |       |       ||    20
         Rapier            |       |   123 |   214 |   632 |  1113 |   765 |       |       |       ||  2847
         Knife             |       |       |       |       |       |   641 |  1708 |   904 |       ||  3253
         Pair of quick bla |       |       |       |       |       |       |       |   105 |   140 ||   245
  Throw: Dart              |       |       |     1 |     1 |       |       |       |       |       ||     2
   Cast: Confusing Touch   |       |     3 |     9 |    33 |    27 |     8 |     8 |     2 |       ||    90
         Tukima's Dance    |       |       |       |    26 |    20 |     2 |     2 |       |       ||    50
         Dazzling Flash    |       |       |       |     7 |     7 |    44 |    49 |    26 |     3 ||   136
         Enfeeble          |       |       |       |       |     6 |    58 |   109 |    95 |     6 ||   274
         Yara's Violent Un |       |       |       |       |     1 |    11 |    16 |     3 |       ||    31
         Silence           |       |       |       |       |       |     2 |     3 |       |       ||     5
         Wereblood         |       |       |       |       |       |    17 |    19 |     4 |     1 ||    41
         Ozocubu's Armour  |       |       |       |       |       |       |       |     4 |       ||     4
         Simulacrum        |       |       |       |       |       |       |       |     3 |       ||     3
 Invoke: Line Pass         |       |     1 |     5 |       |     8 |    23 |    53 |    22 |     3 ||   115
         Stomp             |       |       |     1 |     4 |    15 |     2 |     5 |       |       ||    27
         Grand Finale      |       |       |       |       |       |     1 |       |     3 |     2 ||     6
Ability: Exsanguinate      |       |       |       |       |       |     1 |     1 |       |       ||     2
  Evoke: Wand              |       |       |       |     3 |     1 |     9 |       |       |    13 ||    26
         Lightning rod     |       |       |       |       |     1 |       |       |       |       ||     1
         Condenser vane    |       |       |       |       |       |       |       |     1 |       ||     1
    Use: Scroll            |     2 |     7 |     4 |    13 |    15 |     9 |    10 |    21 |     4 ||    85
         Potion            |       |       |       |       |     1 |     6 |     5 |    19 |    17 ||    48
   Stab: Sleeping          |     3 |    11 |     4 |    26 |    51 |    53 |    58 |    25 |     4 ||   235
         Confused          |       |     2 |     9 |    24 |    31 |    18 |    57 |    26 |     4 ||   171
         Paralysed         |       |       |     4 |    18 |    47 |    92 |   108 |    59 |     9 ||   337
         Distracted        |       |       |       |     6 |     3 |     5 |    10 |    16 |       ||    40
         Invisible         |       |       |       |     5 |    16 |    90 |   111 |    74 |    11 ||   307
 Armour: Robe              |    19 |    20 |       |       |   113 |    66 |   211 |    89 |       ||   518
         Leather armour    |       |     8 |    53 |   190 |   134 |   101 |       |    38 |    12 ||   536
         Swamp dragon scal |       |       |       |       |       |   142 |       |       |       ||   142
  Dodge: Dodged            |    90 |   147 |   102 |   347 |   561 |   871 |  1240 |   655 |    61 ||  4074
         Repelled          |       |     1 |       |     1 |       |       |    12 |     6 |       ||    20
  Block: Buckler           |       |       |       |    52 |   366 |   469 |   556 |   306 |       ||  1749
         Other             |       |       |       |       |       |       |       |    20 |    19 ||    39

Table legend: (Time is in decaauts)
 A = Elapsed time spent in this place.
 B = Non-inter-level travel time spent in this place.
 C = Inter-level travel time spent in this place.
 D = Time resting spent in this place.
 E = Time spent auto-exploring this place.
 F = Levels seen in this place.
 G = Mean time per level.
                   A        B        C        D        E       F      G
               +--------+--------+--------+--------+--------+-----+--------+
         Total |  64860 |  57362 |   7498 |   7387 |  35047 |  50 | 1297.2 |
       Dungeon |  17570 |  14321 |   3249 |   1582 |   8751 |  15 | 1171.3 |
        Temple |     20 |     11 |      9 |      0 |      0 |   1 |   20.0 |
          Lair |   6058 |   5475 |    583 |    207 |   4359 |   5 | 1211.6 |
         Swamp |   4154 |   3874 |    280 |    830 |   2057 |   4 | 1038.5 |
     Snake Pit |   8934 |   8217 |    717 |   1465 |   4773 |   4 | 2233.5 |
  Orcish Mines |   1949 |   1679 |    270 |    219 |   1036 |   2 |  974.5 |
   Elven Halls |   6230 |   5893 |    337 |    915 |   3523 |   3 | 2076.7 |
        Vaults |   9646 |   8682 |    964 |    927 |   5757 |   5 | 1929.2 |
        Depths |   7792 |   6977 |    815 |    847 |   4428 |   4 | 1948.0 |
           Zot |   1594 |   1325 |    269 |    127 |      0 |   5 |  318.8 |
         Trove |    106 |    106 |      0 |      0 |     57 |   1 |  106.0 |
      Ice Cave |    802 |    802 |      0 |    267 |    305 |   1 |  802.0 |
               +--------+--------+--------+--------+--------+-----+--------+

Top non-repeatable levels by time:
   Elf:3: 2798 daAuts
 Snake:4: 2548 daAuts
Depths:3: 2542 daAuts
 Snake:1: 2415 daAuts
Vaults:4: 2163 daAuts
     D:9: 2123 daAuts
Depths:1: 2095 daAuts
Vaults:5: 2061 daAuts
   Elf:2: 2026 daAuts
 Snake:2: 2003 daAuts
Vaults:3: 1974 daAuts
 Snake:3: 1966 daAuts
Vaults:2: 1864 daAuts
  Lair:2: 1750 daAuts
Depths:2: 1672 daAuts
